 Dungeon Crawl Stone Soup version 0.30.0-15-g856e2d3f33 (webtiles) character file.

Game seed: 3833247919860822053

559 qw the Chopper (level 7, 0/44 HPs)
             Began as a Gargoyle Fighter on May 20, 2023.
             Slain by a lemure (7 damage)
             ... led by Pikel
             ... on level 5 of the Dungeon.
             The game lasted 00:02:04 (4503 turns).

qw the Chopper (Gargoyle Fighter)                   Turns: 4503, Time: 00:02:04

Health: 0/44       AC: 19    Str: 22    XL:     7   Next: 31%
Magic:  7/7        EV:  6    Int:  8    God:
Gold:   63         SH:  4    Dex:  9    Spells: 6/6 levels left

rFire   . . .        Y - +1 war axe
rCold   . . .        c - +0 buckler
rNeg    + . .        j - +0 plate armour
rPois   inf          (no helmet)
rElec   +            f - +0 cloak
rCorr   .            e - +0 pair of gloves
SInv    .            (no boots)
Will    .....        (no amulet) Stlth
                     (no ring)
HPRegen 0.27/turn    (no ring)
MPRegen 0.10/turn

%: no passive effects
@: about to teleport
A: sickness immunity, AC +4, negative energy resistance 1, electricity
resistance, torment resistance 1, petrification resistance
a: no special abilities


You were on level 5 of the Dungeon.
You visited 2 branches of the dungeon, and saw 6 of its levels.
You also visited: Sewer.

You collected 299 gold pieces.
You spent 236 gold pieces at shops.


Innate Abilities, Weirdness & Mutations

You are immune to sickness and miasma.
Your stone body is resilient. (AC +4)
You are immune to poison.
You resist negative energy. (rN+)
You are resistant to electric shocks. (rElec)
You are resistant to unholy torment.
You are immune to petrification.


   Skills:
 - Level 4.7 Fighting
 + Level 6.1 Axes
 - Level 0.1 Throwing
 - Level 4.2 Armour
 - Level 3.2 Shields


You had 6 spell levels left.
You didn't know any spells.
Your spell library was empty.

Inventory:

Hand Weapons
 k - a +2 heavy flail
 Y - a +1 war axe (weapon)
Missiles
 b - a boomerang (quivered)
Armour
 c - a +0 buckler (worn)
 e - a +0 pair of gloves (worn)
 f - a +0 cloak (worn)
 j - a +0 plate armour (worn)
Jewellery
 n - a ring of fire
Scrolls
 g - 7 scrolls of identify
Potions
 a - a potion of resistance
 d - a potion of might
 h - a potion of lignification
 i - 3 potions of attraction
 l - a potion of cancellation
 m - a potion of haste
 o - a potion of heal wounds

Dungeon Overview and Level Annotations

Branches:
Dungeon (5/15)             Temple (1/1) D:4           Sewer (visited)

Altars:
Dithmenos
Elyvilon
Fedhas
Kikubaaqudgha
Makhleb
Nemelex Xobeh
Qazlal
Ru
Trog
Vehumet
Wu Jian
Xom
Yredelemnul
The Shining One

Shops:
D:4 (:?((

Annotations:
D:5 Pikel


Message History

You closely miss the lemure. You hit Pikel but do no damage.
You hit the lemure. The lemure hits you but does no damage.
Pikel hits you with a +2 whip of electrocution.
You block the lemure's attack. The lemure hits you but does no damage.
You hit the lemure.
The lemure is almost dead.
You completely miss the lemure. You barely miss the lemure.
You closely miss Pikel. You hit the lemure but do no damage.
The lemure hits you but does no damage. You block the lemure's attack.
The lemure hits you but does no damage.
Pikel says, "Hell isn't that bad."
Pikel hits you with a +2 whip of electrocution.
The lemure hits you but does no damage. The lemure hits you.
The lemure barely misses you. The lemure hits you. Pikel completely misses you.
You block the lemure's attack.
You closely miss the lemure.
The lemure is almost dead.
You hit the lemure but do no damage. You hit the lemure.
You closely miss Pikel. You hit the lemure but do no damage.
The lemure hits you. Pikel hits you but does no damage.
You block the lemure's attack. The lemure barely misses you.
The lemure hits you.
You barely miss the lemure.
The lemure is almost dead.
You slash Pikel! You hit the lemure. You closely miss the lemure.
You hit the lemure. The lemure barely misses you.
You block the lemure's attack. Pikel hits you but does no damage.
The lemure hits you but does no damage. x2
You slash the lemure!
You kill the lemure!
That felt strangely unrewarding.
You hit the lemure. x3
You closely miss Pikel. The lemure closely misses you.
Pikel hits you but does no damage. The lemure hits you.
The lemure closely misses you.
4503 ||| READING scroll of teleportation.
As you read the scroll of teleportation, it crumbles to dust.
You feel strangely unstable. Pikel closely misses you.
The lemure hits you but does no damage. The lemure hits you!
You die...

#..# #<.#
#..#
#..######
#.......#
##.####.#
#.# ##.##
#.###.5.###
#....@K...#
#####55...#
#.....#
#........
#....8.<.
####.##.#
.# # .#


You could see Pikel and 3 lemures.

Vanquished Creatures
  Edmund (D:4)
  An orc warrior (D:4)
  A black bear (D:4)
  A lemure (D:5)
  An iguana (D:4)
  11 adders
  4 river rats
  An ufetubus (D:4)
  3 dart slugs (D:2)
  7 orcs (D:4)
  4 endoplasms
  2 giant cockroaches
  8 goblins
  8 hobgoblins
  8 jackals
  6 kobolds
  2 quokkas
  10 ball pythons
  5 bats
  6 frilled lizards
  15 rats
105 creatures vanquished.

Notes
Turn   | Place    | Note
-------+----------+-------------------------------------------
     0 | D:1      | qw the Gargoyle Fighter began the quest for the Orb.
     0 | D:1      | Reached XP level 1. HP: 14/14 MP: 1/1
     0 | D:1      | 0 ||| qw: Version: 0.2-a-97-g499787f
     0 | D:1      | 0 ||| qw: Game counter: 36
     0 | D:1      | 0 ||| qw: Always use a shield: true
     0 | D:1      | 0 ||| qw: God list: Okawaru
     0 | D:1      | 0 ||| qw: Allow faded altars: false
     0 | D:1      | 0 ||| qw: Do Orc after D:15 true
     0 | D:1      | 0 ||| qw: Do second Lair branch before Depths: true
     0 | D:1      | 0 ||| qw: Lair rune preference: random
     0 | D:1      | 0 ||| qw: Plans: Normal, Zot:1-4, God:TSO, Crypt, Tomb,
                  | Pan, Slime:5, Hells, Abyss, Win
     0 | D:1      | 0 ||| PLANNING D:1-11
    17 | D:1      | 17 ||| Stepping ~*~*~tactically~*~*~ (stealth).
    19 | D:1      | 19 ||| Stepping ~*~*~tactically~*~*~ (stealth).
    28 | D:1      | Reached skill level 2 in Axes
   133 | D:1      | 133 ||| Stepping ~*~*~tactically~*~*~ (hiding).
   137 | D:1      | Reached XP level 2. HP: 19/19 MP: 2/2
   725 | D:1      | Reached skill level 3 in Axes
   773 | D:1      | Reached XP level 3. HP: 23/23 MP: 3/3
   916 | D:1      | 916 ||| UPGRADING to +0 pair of gloves.
   921 | D:1      | 921 ||| UPGRADING to +1 ring mail of cold resistance.
   931 | D:1      | 931 ||| READING scroll labelled ADYAHIQ IMMOT.
   932 | D:1      | 932 ||| READING 3 scrolls labelled CIDIGO ORURYPT.
   933 | D:1      | 933 ||| READING scroll labelled FUGRIE SEKOSTRU.
   934 | D:1      | 934 ||| READING 2 scrolls labelled MIHEASCHO GYSOPS.
   935 | D:1      | 935 ||| READING scroll labelled QIFAUT BAOKHUATT.
   936 | D:1      | 936 ||| READING 2 scrolls of identify.
   936 | D:1      | 936 ||| IDENTIFYING brown potion
   937 | D:1      | 937 ||| DROPPING scroll of amnesia.
  1074 | D:2      | 1074 ||| Stepping ~*~*~tactically~*~*~ (stealth).
  1217 | D:2      | 1217 ||| DROPPING +0 club.
  1425 | D:2      | 1425 ||| Stepping ~*~*~tactically~*~*~ (hiding).
  1453 | D:2      | 1453 ||| Stepping ~*~*~tactically~*~*~ (stealth).
  1460 | D:2      | Reached XP level 4. HP: 28/28 MP: 4/4
  1492 | D:2      | 1492 ||| Stepping ~*~*~tactically~*~*~ (stealth).
  1493 | D:2      | 1493 ||| Stepping ~*~*~tactically~*~*~ (stealth).
  1500 | D:2      | 1500 ||| Stepping ~*~*~tactically~*~*~ (stealth).
  1658 | D:2      | Reached skill level 4 in Axes
  1903 | D:2      | 1903 ||| DROPPING +0 scale mail.
  1904 | D:2      | 1904 ||| UPGRADING to +0 plate armour.
  1914 | D:2      | 1914 ||| DROPPING +1 ring mail of cold resistance.
  1915 | D:2      | 1915 ||| READING 2 scrolls labelled VAKAZ TIUMOEDO.
  1916 | D:2      | 1916 ||| READING 3 scrolls of identify.
  1916 | D:2      | 1916 ||| IDENTIFYING fuming coppery potion
  1917 | D:2      | 1917 ||| READING 2 scrolls of identify.
  1917 | D:2      | 1917 ||| IDENTIFYING lumpy dark potion
  1918 | D:2      | 1918 ||| DROPPING potion of degeneration.
  1919 | D:2      | 1919 ||| DROPPING scroll of fog.
  1920 | D:2      | 1920 ||| DROPPING potion of ambrosia.
  2152 | D:3      | 2152 ||| Stepping ~*~*~tactically~*~*~ (stealth).
  2184 | D:3      | 2184 ||| Stepping ~*~*~tactically~*~*~ (stealth).
  2442 | D:3      | Found a burning altar of Makhleb.
  2678 | D:3      | 2678 ||| DROPPING ring of magical power.
  2679 | D:3      | 2679 ||| READING scroll labelled RIXOP OQIN.
  2680 | D:3      | 2680 ||| READING 2 scrolls of identify.
  2680 | D:3      | 2680 ||| IDENTIFYING purple potion
  2710 | D:4      | 2710 ||| PLANNING SEWER
  2754 | D:4      | Noticed Edmund
  2770 | D:4      | Killed Edmund
  2771 | D:4      | Reached skill level 5 in Axes
  2771 | D:4      | Reached XP level 5. HP: 16/32 MP: 5/5
  2837 | D:4      | 2837 ||| DROPPING +0 flail.
  2867 | D:4      | Found a staircase to the Ecumenical Temple.
  2891 | D:4      | Noticed a black bear
  2892 | D:4      | 2892 ||| Stepping ~*~*~tactically~*~*~ (stealth).
  2894 | D:4      | 2894 ||| Stepping ~*~*~tactically~*~*~ (stealth).
  2902 | D:4      | Reached XP level 6. HP: 30/38 MP: 6/6
  2904 | D:4      | Killed a black bear
  2999 | D:4      | Found a glowing drain.
  3000 | D:4      | 3000 ||| READING scroll labelled IGUROE WEGGE.
  3036 | Sewer    | Entered a sewer
  3215 | Sewer    | 3215 ||| Stepping ~*~*~tactically~*~*~ (water).
  3414 | Sewer    | Reached XP level 7. HP: 43/44 MP: 7/7
  3438 | Sewer    | 3438 ||| READING scroll labelled QACZEA YXZOSS.
  3443 | Sewer    | 3443 ||| DRINKING 2 bubbling brown potions.
  3444 | Sewer    | 3444 ||| DRINKING 2 inky potions.
  3445 | Sewer    | 3445 ||| READING 3 scrolls of identify.
  3445 | Sewer    | 3445 ||| IDENTIFYING puce potion
  3446 | Sewer    | 3446 ||| READING 2 scrolls of identify.
  3446 | Sewer    | 3446 ||| IDENTIFYING black potion
  3447 | Sewer    | 3447 ||| DROPPING potion of brilliance.
  3495 | D:4      | 3495 ||| PLANNING TEMPLE
  3537 | Temple   | Entered the Ecumenical Temple
  3697 | Temple   | 3697 ||| PLANNING D:1-11
  3924 | D:4      | Found Boshiod's Weapon Shop.
  4015 | D:4      | Reached skill level 6 in Axes
  4044 | D:4      | Found Mosau's Magic Scroll Emporium.
  4180 | D:4      | 4180 ||| BUYING 2 scrolls of identify (44 gold).
  4180 | D:4      | Bought 2 scrolls of identify for 44 gold pieces
  4180 | D:4      | 4180 ||| BUYING scroll of enchant weapon (82 gold).
  4180 | D:4      | Bought a scroll of enchant weapon for 82 gold pieces
  4180 | D:4      | 4180 ||| BUYING scroll of identify (22 gold).
  4180 | D:4      | Bought a scroll of identify for 22 gold pieces
  4180 | D:4      | 4180 ||| BUYING scroll of identify (22 gold).
  4180 | D:4      | Bought a scroll of identify for 22 gold pieces
  4180 | D:4      | 4180 ||| BUYING scroll of identify (22 gold).
  4180 | D:4      | Bought a scroll of identify for 22 gold pieces
  4180 | D:4      | 4180 ||| BUYING scroll of identify (22 gold).
  4180 | D:4      | Bought a scroll of identify for 22 gold pieces
  4180 | D:4      | 4180 ||| BUYING scroll of identify (22 gold).
  4180 | D:4      | Bought a scroll of identify for 22 gold pieces
  4180 | D:4      | 4180 ||| READING scroll of enchant weapon.
  4180 | D:4      | 4180 ||| ENCHANTING +0 war axe.
  4194 | D:4      | 4194 ||| Stepping ~*~*~tactically~*~*~ (stealth).
  4247 | D:4      | Found Couhoxamm's Weapon Shop.
  4257 | D:4      | Found Jaosafo's Book Emporium.
  4307 | D:4      | Found Gakaoch's Antique Weapon Shoppe.
  4443 | D:4      | 4443 ||| UPGRADING to +0 cloak.
  4448 | D:4      | 4448 ||| READING scroll labelled GEEJOSHRECONN.
  4449 | D:4      | 4449 ||| READING scroll labelled MADOQU MAURCH.
  4450 | D:4      | 4450 ||| READING 8 scrolls of identify.
  4450 | D:4      | 4450 ||| IDENTIFYING fizzy ruby potion
  4476 | D:5      | Entered Level 5 of the Dungeon
  4488 | D:5      | Noticed Pikel
  4502 | D:5      | HP: 7/44 [lemure[Pikel] (6)]
  4503 | D:5      | 4503 ||| READING scroll of teleportation.
  4503 | D:5      | Slain by a lemure

Levels and vault maps discovered:
D:1:      nicolae_arrival_memento_mori, layout_basic, serial_park_tiny_2
D:2:      layout_basic
D:3:      layout_loops_ring, lightli_temple_of_fire
D:4:      layout_gridville, minmay_temple_entry_enclosed_plants, serial_shops,
          nicolae_shop_rolling_square, nicolae_shop_just_a_little_nook,
          nicolae_shop_tiny_real_fake_doors, shop, nicolae_shop_hallway_plus,
          portal_sewer_entry_b, dreamdust_wishing_well, uniq_edmund
D:5:      layout_loops_ring, kennysheep_slug_shrine, kennysheep_mini,
          nicolae_overflow_hidden_temple, lemuel_doored_altar, serial_shops,
          shop_statue, skrybe_limestone_x, uniq_pikel, uniq_menkaure,
          uniq_prince_ribbit1
Temple:   nicolae_temple_bog_church

Skill      XL: |  1  2  3  4  5  6  7 |
---------------+----------------------+-----
Axes           | 2 3 5 6 |  6.1
Fighting       | 4 |  4.7
Armour         | 4 |  4.2
Throwing       | |  0.1
Shields        | |  3.2

Action                     |  1- 3 |  4- 6 |  7- 9 || total
---------------------------+-------+-------+-------++-------
  Melee: War axe           |   101 |   158 |    45 ||   304
  Throw: Boomerang         |       |    27 |    14 ||    41
         Javelin           |       |     2 |     6 ||     8
    Use: Scroll            |     6 |     6 |     8 ||    20
         Potion            |       |       |     2 ||     2
 Armour: Scale mail        |    16 |       |       ||    16
         Ring mail         |    21 |     7 |       ||    28
         Plate armour      |       |   113 |    46 ||   159
  Dodge: Dodged            |    56 |    47 |    25 ||   128
  Block: Buckler           |    21 |    26 |    21 ||    68

Table legend:
 A = Non-vault XP
 B = Vault XP
 C = Vault XP percentage of total XP
 D = Non-vault monster count
 E = Vault monster count
 F = Vault count percentage of total count
                 A         B        C        D         E       F
            +---------+---------+-------+---------+---------+-------
      Total |     507 |     292 |  36.5 |      75 |      29 |  27.9
            +---------+---------+-------+---------+---------+-------
        D:1 |      37 |       0 |   0.0 |      23 |       0 |   0.0
        D:2 |      76 |       0 |   0.0 |      18 |       0 |   0.0
        D:3 |      36 |       0 |   0.0 |      15 |       0 |   0.0
        D:4 |     358 |     170 |  32.2 |      19 |       5 |  20.8
      Sewer |       0 |     122 | 100.0 |       0 |      24 | 100.0
            +---------+---------+-------+---------+---------+-------
